 Dungeon Crawl Stone Soup version 0.29.1-2-gbd0b4ee654 (webtiles) character file.

Game seed: 11531162966230824965

368 shoresy the Chopper (level 6, -3/56 HPs)
             Began as a Minotaur Fighter on Nov 6, 2022.
             Slain by a gnoll
             ... wielding a +0 flail
             ... led by a gnoll sergeant
              (4 damage)
             ... on level 4 of the Dungeon.
             The game lasted 00:10:33 (2556 turns).

shoresy the Chopper (Minotaur Fighter)              Turns: 2556, Time: 00:10:34

Health: -3/56      AC: 12    Str: 22    XL:     6   Next: 41%
Magic:  5/5        EV:  3    Int:  5    God:
Gold:   171        SH:  5    Dex: 10    Spells: 5/5 levels left

rFire   . . .      SeeInvis .   a - +0 war axe
rCold   . . .      Faith    .   c - +0 buckler
rNeg    . . .      Spirit   .   q - +0 plate armour
rPois   .          Reflect  .   (helmet restricted)
rElec   .          Harm     .   (no cloak)
rCorr   .          Rampage  .   (no gloves)
Will    .....                   (no boots)
Stlth   ..........              (no amulet)
HPRegen 0.18/turn               (no ring)
MPRegen 0.09/turn               (no ring)

@: constricted
A: horns 2, retaliatory headbutt
a: no special abilities


You were on level 4 of the Dungeon.
You visited 1 branch of the dungeon, and saw 4 of its levels.

You collected 171 gold pieces.

Inventory:

Hand Weapons
 a - a +0 war axe (weapon)
Missiles
 h - 49 stones (quivered)
 n - 6 curare-tipped darts
 o - 6 atropa-tipped darts
Armour
 b - a +0 scale mail
 c - a +0 buckler (worn)
 q - a +0 plate armour (worn)
Magical Staves
 l - a staff of earth
Wands
 t - a wand of flame (18)
Scrolls
 e - 4 scrolls of identify {unknown}
 f - a scroll of amnesia {unknown}
 g - 2 scrolls of teleportation {unknown}
 k - a scroll of torment {unknown}
 m - a scroll of magic mapping {unknown}
 p - a scroll of blinking {unknown}
Potions
 d - 4 potions of might
 i - 2 potions of haste {unknown}
 j - a potion of flight {unknown}
 r - a potion of degeneration {unknown}
 s - a potion of attraction {unknown}
 u - 2 potions of brilliance {unknown}


   Skills:
 + Level 5.1 Fighting
 * Level 5.4 Axes
 + Level 5.1 Armour
 + Level 5.1 Shields


You had 5 spell levels left.
You didn't know any spells.
Your spell library was empty.

Dungeon Overview and Level Annotations

Branches:
Dungeon (4/15)
 Temple: D:4-7

Altars:
Ru


Innate Abilities, Weirdness & Mutations

You have a pair of horns on your head.
You reflexively headbutt those who attack you in melee.


Message History

The plant begins to die.
The gnoll barely misses you.
The ball python bites you but does no damage.
You block the ball python's attack.
You closely miss the ball python.
You hit the gnoll sergeant but do no damage.
You closely miss the gnoll.
The ball python bites you but does no damage.
The ball python closely misses you.
The gnoll hits the plant with a +0 flail!
The gnoll sergeant hits you with a +0 trident!
* * * LOW HITPOINT WARNING * * *
The gnoll barely misses you.
You closely miss the ball python.
You hit the gnoll sergeant but do no damage.
You closely miss the gnoll.
The ball python bites you but does no damage.
The ball python grabs you. The ball python constricts you.
* * * LOW HITPOINT WARNING * * *
The gnoll hits the plant with a +0 flail!
The gnoll sergeant hits you with a +0 trident.
* * * LOW HITPOINT WARNING * * *
The gnoll hits you with a +0 flail.
* * * LOW HITPOINT WARNING * * *
The ball python bites you but does no damage.
The ball python constricts you.
You hit the ball python but do no damage.
You barely miss the gnoll. You closely miss the gnoll sergeant.
A nearby plant withers and dies.
You block the gnoll sergeant's attack. You block the gnoll's attack.
The endoplasm hits the plant.
The plant begins to die.
The ball python barely misses you. The ball python constricts you.
You closely miss the ball python. You slash the gnoll sergeant!
You hit the gnoll.
A nearby plant withers and dies.
The gnoll sergeant hits you but does no damage.
You block the gnoll's attack. You block the ball python's attack.
The ball python constricts you.
The gnoll sergeant hits you with a +0 trident!
* * * LOW HITPOINT WARNING * * *
The gnoll hits you with a +0 flail.
You die...

#..PPPP...#
#.PP.P.P..#
#.P(......#
#...P..PP.###
..PP..P.P...
..P...JPP.##.##
#..P..gg.......
#...Jg@.#
#...##S## ##
##..# ....#
#####


You could see a gnoll sergeant, 2 gnolls, 2 endoplasms and a ball python.

Vanquished Creatures
  Grinder (D:3)
  An orc priest (D:3)
  An orc wizard (D:3)
  3 gnolls (D:4)
  A river rat (D:3)
  An adder (D:3)
  2 worms
  4 dart slugs
  An orc (D:3)
  4 bats
  4 endoplasms (D:1)
  5 giant cockroaches
  6 hobgoblins
  3 jackals (D:1)
  3 quokkas
  8 ball pythons
  A frilled lizard (D:2)
  3 goblins
  6 kobolds
  4 rats
62 creatures vanquished.

Vanquished Creatures (others)
  2 plants (D:4)
2 creatures vanquished.

Grand Total: 64 creatures vanquished

Notes
Turn   | Place    | Note
-------+----------+-------------------------------------------
     0 | D:1      | shoresy the Minotaur Fighter began the quest for the Orb.
     0 | D:1      | Reached XP level 1. HP: 19/19 MP: 0/0
    54 | D:1      | Reached XP level 2. HP: 12/27 MP: 1/1
   750 | D:1      | Reached XP level 3. HP: 33/33 MP: 2/2
  1564 | D:3      | Found a faded altar of an unknown god.
  1567 | D:3      | Noticed Grinder
  1577 | D:3      | Paralysed by Grinder for 4 turns
  1592 | D:3      | Killed Grinder
  1593 | D:3      | Reached XP level 4. HP: 6/41 MP: 3/3
  1593 | D:3      | Reached XP level 5. HP: 6/47 MP: 4/4
  1704 | D:3      | Reached skill level 5 in Axes
  1704 | D:3      | Reached XP level 6. HP: 19/55 MP: 5/5
  2495 | D:3      | Reached skill level 5 in Fighting
  2495 | D:3      | Reached skill level 5 in Armour
  2495 | D:3      | Reached skill level 5 in Shields
  2523 | D:3      | Found a sacrificial altar of Ru.
  2556 | D:4      | HP: 1/56 [gnoll sergeant/+0 trident (9)]
  2556 | D:4      | Slain by a gnoll

Illustrated notes

Levels and vault maps discovered:
D:1:      minmay_arrival_arboretum_large, layout_rooms, minmay_misc_feat_room
D:2:      minmay_chambers_of_ones, layout_basic, supply_closet_lemuel
D:3:      layout_loops_ring, mainiacjoe_overflow_catwalk,
          mainiacjoe_overflow_tiny_flanked, portal_sewer_entry_e,
          basic_ecumenical_altar, uniq_grinder
D:4:      layout_loops_cross, minmay_temple_entry_mini_moons,
          nicolae_grassy_gnolls, uniq_duvessa

Skill      XL: |  1  2  3  4  5  6 |
---------------+-------------------+-----
Fighting       | 4 5 |  5.1
Armour         | 4 5 |  5.1
Shields        | 4 5 |  5.1
Axes           | 3 4 5 |  5.4

Action                   |  1- 3 |  4- 6 || total
-------------------------+-------+-------++-------
Melee: War axe           |    77 |    49 ||   126
       Headbutt          |     8 |     7 ||    15
Armor: Scale mail        |    34 |       ||    34
       Plate armour      |    27 |    42 ||    69
Dodge: Dodged            |    48 |    16 ||    64
Block: Buckler           |    20 |    20 ||    40
